 Dungeon Crawl Stone Soup version 0.31-a0-1002-g8e65716e6e (webtiles) character file.

Game seed: 8053354847366797583

124 BinkBink the Trooper (level 5, 0/33 HPs)
             Began as a Gargoyle Fighter on Nov 10, 2023.
             Killed by nerve-wracking pain
             ... invoked by Grinder
              (6 damage)
             ... on level 3 of the Dungeon.
             The game lasted 00:02:51 (2549 turns).

BinkBink the Trooper (Gargoyle Fighter)             Turns: 2549, Time: 00:02:53

Health: 0/33       AC: 13    Str: 25    XL:     5   Next: 8%
Magic:  5/5        EV: 10    Int:  9    God:
Gold:   192        SH:  4    Dex:  9    Spells: 4/4 levels left

rFire   + . .        a - +0 flail
rCold   + . .        c - +0 buckler
rNeg    + . .        p - +1 ring mail "Hus Wiru" {Str+4}
rPois   ∞            b - +0 helmet
rElec   +            g - scarf {rC+ rF+}
rCorr   .            k - +0 pair of gloves
SInv    .            (no boots)
Will    .....        (no amulet) Stlth
                     (no ring)
HPRegen 0.25/turn    (no ring)
MPRegen 0.09/turn

%: no passive effects
@: no status effects
A: sickness immunity, AC +4, negative energy resistance 1, electricity
resistance, torment resistance 1, petrification resistance
a: no special abilities


You were on level 3 of the Dungeon.
You visited 1 branch of the dungeon, and saw 3 of its levels.

You collected 192 gold pieces.

Inventory:

Hand Weapons
 a - a +0 flail (weapon)
Armour
 b - a +0 helmet (worn)
 c - a +0 buckler (worn)
 g - a scarf of resistance (worn)
 k - a +0 pair of gloves (worn)
 p - the +1 ring mail "Hus Wiru" (worn) {Str+4}
   (You found it on level 2 of the Dungeon)

   Str+4:     It affects your strength (+4).
Scrolls
 e - 2 scrolls of identify {unknown}
 h - 2 scrolls of revelation {unknown}
 i - 5 scrolls of fear {unknown}
 l - 2 scrolls of teleportation {unknown}
 m - 2 scrolls of vulnerability {unknown}
 n - a scroll of fog {unknown}
Potions
 d - a potion of might
 f - a potion of curing {unknown}
 j - a potion of degeneration {unknown}
 o - a potion of attraction {unknown}
 q - a potion of lignification {unknown}
 r - a potion of resistance {unknown}


   Skills:
 + Level 4.2 Fighting
 + Level 2.9 Maces & Flails
 + Level 4.2 Armour
 + Level 4.2 Shields


You had 4 spell levels left.
You didn't know any spells.
Your spell library contained the following spells:

 Spells                   Type           Power      Damage    Failure   Level
 Slow                     Hex            0%         N/A       58%         1
 Confusing Touch          Hex            0%         N/A       91%         3
 Sigil of Binding         Hex            0%         N/A       91%         3
 Vampiric Draining        Necr           0%         2d6       91%         3


Dungeon Overview and Level Annotations

Branches:
Dungeon (3/15)

Altars:
Hepliaklqana

Annotations:
D:3 Grinder


Innate Abilities, Weirdness & Mutations

You are immune to sickness and miasma.
Your stone body is resilient. (AC +4)
You are immune to poison.
You resist negative energy. (rN+)
You are resistant to electric shocks. (rElec)
You are resistant to unholy torment.
You are immune to petrification.


Message History

You sock Grinder!
Grinder is moderately wounded.
Grinder hits you.
You writhe in agony.
You sock Grinder!
Grinder is heavily wounded.
Grinder says, "I used to sell toenails on the black market."
Grinder hits you but does no damage. Grinder misses you.
You closely miss Grinder.
Grinder is heavily wounded.
Grinder hits you!
You writhe in agony.
You closely miss Grinder.
Grinder is heavily wounded.
Grinder barely misses you.
You barely miss Grinder.
Grinder is heavily wounded.
Grinder hits you!
You writhe in agony.
Grinder gestures at you.
You barely resist.
You are too injured to fight recklessly!
You are too injured to fight recklessly!
You hit Grinder.
Grinder is severely wounded.
Grinder hits you but does no damage.
You hit Grinder.
Grinder is almost dead.
Grinder hits you.
* * * LOW HITPOINT WARNING * * *
You writhe in agony.
* * * LOW HITPOINT WARNING * * *
You closely miss Grinder.
Grinder is almost dead.
Grinder gestures at you. You resist with significant effort.
You hit Grinder but do no damage.
Grinder is almost dead.
Grinder blinks!
Grinder gestures at you. Pain shoots through your body!
You die...
Grinder says, "Now the real fun starts!"

#.............................[
#................##...######.#.
#....#####.##....##...######.#.
#....#.........................
#.#+##......#..................
#.#.##....#..5...##...#...##.#.
#.........####...## #...##.##
#..>.#....#......# #...####
#....#.##.+...@..# #....#
#....#.##.#...#§.# #....#
......+...†#...#..# .####...##
###....#.#...####.............##+
#.###..#..P...#.###.########'..
.............P.... ...........
#...P.P..P...... ...####...
#.P)....P..P.... #...
#...PP._§#.P.... #...


You could see Grinder.

Vanquished Creatures
  Robin (D:3)
  A gnoll (D:1)
  2 adders
  2 worms (D:2)
  3 dart slugs
  3 ball pythons (D:1)
  5 endoplasms
  A giant cockroach (D:1)
  9 goblins
  11 hobgoblins
  5 jackals
  8 kobolds
  2 quokkas (D:2)
  6 bats
  6 frilled lizards
  5 rats
70 creatures vanquished.

Notes
Turn   | Place    | Note
-------+----------+-------------------------------------------
     0 | D:1      | BinkBink the Gargoyle Fighter began the quest for the Orb.
     0 | D:1      | Reached XP level 1. HP: 14/14 MP: 1/1
   245 | D:1      | Reached XP level 2. HP: 12/19 MP: 2/2
   444 | D:1      | Reached XP level 3. HP: 22/23 MP: 3/3
  1148 | D:2      | Reached XP level 4. HP: 18/29 MP: 4/4
  1786 | D:2      | Identified the +1 ring mail "Hus Wiru" {Str+4}
  1988 | D:3      | Noticed Robin
  2010 | D:3      | Killed Robin
  2207 | D:3      | Reached XP level 5. HP: 33/33 MP: 5/5
  2529 | D:3      | Found a hazy altar of Hepliaklqana.
  2539 | D:3      | Noticed Grinder
  2549 | D:3      | Killed from afar by Grinder

Illustrated notes

Levels and vault maps discovered:
D:1:      saegor_arrival_fortress, layout_loops_ring
D:2:      layout_loops_ring, minmay_tiny_reverse_x
D:3:      layout_basic, gammafunk_temple_overflow_statue,
          nicolae_hepliaklqana_hazy_memory, serial_park_tiny_pond, uniq_robin,
          uniq_grinder

Skill      XL: |  1  2  3  4 |
---------------+-------------+-----
Fighting       | 4 |  4.2
Armour         | 4 |  4.2
Shields        | 4 |  4.2
Maces & Flails | |  2.9

Action                     |  1- 3 |  4- 6 || total
---------------------------+-------+-------++-------
  Melee: Flail             |   184 |    97 ||   281
 Armour: Scale mail        |   161 |    22 ||   183
         Ring mail         |       |    67 ||    67
  Dodge: Dodged            |   112 |    69 ||   181
  Block: Buckler           |    39 |    27 ||    66

Table legend: (Time is in decaauts)
 A = Elapsed time spent in this place.
 B = Non-inter-level travel time spent in this place.
 C = Inter-level travel time spent in this place.
 D = Time resting spent in this place.
 E = Time spent auto-exploring this place.
 F = Levels seen in this place.
 G = Mean time per level.
                   A        B        C        D        E       F      G
               +--------+--------+--------+--------+--------+-----+--------+
         Total |   2635 |   2546 |     89 |     85 |   1837 |   3 |  878.3 |
       Dungeon |   2635 |   2546 |     89 |     85 |   1837 |   3 |  878.3 |
               +--------+--------+--------+--------+--------+-----+--------+

Top non-repeatable levels by time:
     D:1: 1043 daAuts
     D:2: 943 daAuts
     D:3: 648 daAuts
